 Dungeon Crawl Stone Soup version 0.30-a0-996-ga6910c8ee8 (webtiles) character file.

Game seed: 14352576407594778142

4139 DeathPants the Carver (level 10, -24/55 HPs)
             Began as a Vine Stalker Gladiator on Apr 4, 2023.
             Was an Initiate of Gozag.
             Annihilated by a large slime creature (28 damage)
             ... on level 8 of the Dungeon.
             The game lasted 00:23:30 (6291 turns).

DeathPants the Carver (Vine Stalker Gladiator)      Turns: 6291, Time: 00:23:30

Health: -24/55     AC: 11    Str: 17    XL:     10   Next: 27%
Magic:  0/11       EV: 13    Int:  9    God:    Gozag
Gold:   318        SH:  0    Dex: 18    Spells: 9/9 levels left

rFire   . . .      SeeInvis .    a - +1 long sword (elec)
rCold   . . .      Faith    .    (no shield)
rNeg    + . .      Spirit   +    C - +3 leather armour
rPois   +          Reflect  .    b - +0 helmet
rElec   .          Rampage  .    d - +2 ratskin cloak {*Rats rPois rN+ Str-1 Int-1 Dex+1}
rCorr   .                        (no gloves)
Will    +....                    z - +0 pair of boots
Stlth   +                        p - amulet of magic regeneration
HPRegen 1.09/turn                u - ring of poison resistance
MPRegen 0.52/turn                (no ring)

@: no status effects
A: fangs 3, regeneration 1, magic shield, antimagic bite, no potion heal 2
a: Renounce Religion, Potion Petition, Call Merchant, Bribe Branch


You were on level 8 of the Dungeon.
You worshipped Gozag.
Gozag was aware of your devotion.
You visited 2 branches of the dungeon, and saw 10 of its levels.

You collected 613 gold pieces.
You spent 78 gold pieces at shops.
You paid 217 gold pieces to Gozag.

Inventory:

Hand Weapons
 a - a +1 long sword of electrocution (weapon)
 y - a +0 rapier
Missiles
 e - a javelin
 f - 22 poisoned darts (quivered)
 r - 6 boomerangs
 w - a throwing net
Armour
 b - a +0 helmet (worn)
 d - the +2 ratskin cloak (worn) {*Rats rPois rN+ Str-1 Int-1 Dex+1}
   (You found it on level 8 of the Dungeon)

   *Rats:     When the wearer is hurt, rats may emerge from it to assist them.
   Str:       It affects your strength (-1).
   Int:       It affects your intelligence (-1).
   Dex:       It affects your dexterity (+1).
   rPois:     It protects you from poison.
   rN:        It protects you from negative energy.
 m - a +1 cloak
 z - a +0 pair of boots (worn)
 C - a +3 leather armour (worn)
Jewellery
 p - an amulet of magic regeneration (around neck)
 u - a ring of poison resistance (left hand)
Wands
 c - a wand of charming (11)
 i - a wand of iceblast (7)
Scrolls
 j - 2 scrolls of fog
 n - 4 scrolls of teleportation
 x - a scroll of amnesia
Potions
 g - 4 potions of haste
 h - a potion of berserk rage
 k - 4 potions of mutation
 l - 2 potions of attraction
 o - 2 potions of magic
 q - 3 potions of brilliance
 s - 6 potions of curing {unknown}
 t - a potion of ambrosia {unknown}
 v - a potion of resistance {unknown}
 A - a potion of invisibility {unknown}
 B - 3 potions of might {unknown}


   Skills:
 + Level 7.6 Fighting
 * Level 10.9 Long Blades
 - Level 1.7 Throwing
 - Level 4.0 Dodging


You had 9 spell levels left.
You didn't know any spells.
Your spell library contained the following spells:

 Spells                   Type           Power      Damage    Failure   Level
 Magic Dart               Conj           0%         1d3       45%         1
 Summon Small Mammal      Summ           0%         N/A       45%         1
 Call Imp                 Summ           0%         N/A       58%         2
 Call Canine Familiar     Summ           0%         N/A       83%         3
 Mephitic Cloud           Conj/Pois/Air  0%         N/A       83%         3
 Summon Guardian Golem    Hex/Summ       0%         N/A       83%         3


Dungeon Overview and Level Annotations

Branches:
Dungeon (9/15)             Temple (1/1) D:6
   Lair: D:8-11         Orc: D:9-12

Altars:
Ashenzari
Cheibriados
Dithmenos
Elyvilon
Fedhas
Gozag
Hepliaklqana
Kikubaaqudgha
Makhleb
Nemelex Xobeh
Okawaru
Qazlal
Ru
Sif Muna
Trog
Uskayaw
Vehumet
Wu Jian
Xom
Yredelemnul
Zin
The Shining One

Shops:
D:3 ?


Innate Abilities, Weirdness & Mutations

You have razor-sharp teeth.
Your natural rate of healing is unusually fast.
When hurt, damage is shared between your health and your magic reserves.
Your bite disrupts and absorbs the magic of your enemies.
Potions cannot restore your health.


Message History

You slash the yak! Lightning courses through the yak!
You kill the yak!
You slash the howler monkey! You bite the howler monkey. You drain its power.
The howler monkey is severely wounded.
The slime creature is distracted by your dazzling golden aura.
The howler monkey hits you but does no damage.
The slime creature quivers.
You slash the howler monkey!
Lightning courses through the howler monkey!!
You kill the howler monkey!
The slime creature is no longer distracted by gold.
The slime creature jiggles.
The slime creature hits you!
A river rat scurries out from under your cloak.
You see here 57 gold pieces.
You slash the slime creature!
The slime creature is moderately wounded.
Two slime creatures merge to form a large slime creature.
You slice the large slime creature!!
Your bite misses the large slime creature.
The large slime creature is moderately wounded.
The large slime creature hits you.
You hit the large slime creature but do no damage.
You bite the large slime creature. You drain its power.
You feel invigorated.
The large slime creature is moderately wounded.
The large slime creature hits you!!
* * * LOW HITPOINT WARNING * * *
A slime creature comes into view.
You slash the large slime creature! You bite the large slime creature!
You drain its power.
You feel invigorated.
The large slime creature is heavily wounded.
The large slime creature hits you!!
* * * LOW HITPOINT WARNING * * *
A river rat scurries out from under your cloak.
You hit the large slime creature.
The large slime creature is heavily wounded.
The large slime creature hits you!!
Ouch! That really hurt!
You die...
Your body crumbles into a pile of gold. ......) .# #.# ....... .##YY.# .......#.....Y. h.J[.....# .....##J## hh.

#.# . #.#
#J# #@# #r#
##### #r##
$ ##.#.#
#..# #.#.##
##.#
##.##.##
#.#
##.####.#
#.#
##.#####.##
#.#
#.##..###.#
#.#


You could see a large slime creature (ally target), a slime creature and 2
friendly river rats.

Vanquished Creatures
  A two-headed ogre (D:8)
  A slime creature (D:8)
  4 yaks (D:8)
  A wraith (D:7)
  Eustachio (D:5)
  2 steam dragons
  A water moccasin (D:7)
  2 sky beasts (D:6)
  An orc warrior (D:6)
  A black bear (D:6)
  A centaur (D:8)
  An ogre (D:6)
  A phantom (D:5)
  5 scorpions
  3 killer bees (D:7)
  A howler monkey (D:8)
  5 hounds
  2 jellies
  An orc priest (D:7)
  A sleepcap (D:6)
  6 orc wizards
  3 iguanas
  4 hell rats (D:8)
  A gnoll (D:4)
  14 river rats (D:8)
  4 adders
  3 shadow imps
  A white imp (D:5)
  An ufetubus (D:5)
  3 worms
  5 dart slugs
  25 orcs
  5 endoplasms
  3 giant cockroaches
  6 goblins
  9 hobgoblins
  11 jackals
  6 kobolds
  5 quokkas
  8 ball pythons
  6 bats
  3 frilled lizards
  2 rats (D:3)
170 creatures vanquished.

Vanquished Creatures (collateral kills)
  A yak (D:8)
  A howler monkey (D:8)
2 creatures vanquished.

Vanquished Creatures (others)
  A ball python (D:1)
  4 fungi (D:8)
  3 plants (D:1)
  5 toadstools (D:8)
13 creatures vanquished.

Grand Total: 185 creatures vanquished

Notes
Turn   | Place    | Note
-------+----------+-------------------------------------------
     0 | D:1      | DeathPants the Vine Stalker Gladiator began the quest for
                  | the Orb.
     0 | D:1      | Reached XP level 1. HP: 11/11 MP: 2/2
   177 | D:1      | Reached XP level 2. HP: 15/15 MP: 3/3
   198 | D:1      | Reached skill level 3 in Long Blades
   425 | D:1      | Found a faded altar of an unknown god.
   517 | D:1      | Reached XP level 3. HP: 18/18 MP: 4/4
  1290 | D:3      | Gained mutation: Your natural rate of healing is unusually
                  | fast. [Vine Stalker growth]
  1290 | D:3      | Reached XP level 4. HP: 23/23 MP: 5/5
  1475 | D:3      | Found Finy's Magic Scroll Shoppe.
  1482 | D:3      | Reached skill level 4 in Long Blades
  1506 | D:3      | Reached XP level 5. HP: 27/27 MP: 6/6
  1515 | D:3      | Bought a scroll of identify for 26 gold pieces
  1515 | D:3      | Bought a scroll of identify for 26 gold pieces
  1515 | D:3      | Bought a scroll of identify for 26 gold pieces
  1941 | D:4      | Identified the +2 ring mail of Zin's Condemnation {Harm
                  | rPois Str-4 Stlth+}
  2349 | D:4      | Reached XP level 6. HP: 19/32 MP: 7/7
  2410 | D:5      | Entered Level 5 of the Dungeon
  2427 | D:5      | Reached skill level 5 in Long Blades
  2761 | D:4      | Found a glowing silver altar of Zin.
  2928 | D:5      | Reached XP level 7. HP: 32/36 MP: 8/8
  3323 | D:5      | Noticed Eustachio
  3340 | D:5      | Killed Eustachio
  3341 | D:5      | Reached skill level 6 in Long Blades
  3799 | D:6      | Gained mutation: You have razor-sharp teeth. [Vine Stalker
                  | growth]
  3799 | D:6      | Reached XP level 8. HP: 42/42 MP: 9/9
  3842 | D:6      | Found a staircase to the Ecumenical Temple.
  3853 | Temple   | Entered the Ecumenical Temple
  4253 | D:6      | Reached skill level 7 in Long Blades
  4319 | D:6      | Reached skill level 5 in Fighting
  4500 | D:6      | Reached skill level 8 in Long Blades
  5054 | D:7      | Reached XP level 9. HP: 47/48 MP: 8/10
  5435 | D:7      | Reached skill level 9 in Long Blades
  5601 | D:8      | Noticed a two-headed ogre
  5609 | D:8      | Killed a two-headed ogre
  5751 | D:8      | Found an opulent altar of Gozag.
  5751 | D:8      | Found a faded altar of an unknown god.
  5759 | D:8      | Reached skill level 10 in Long Blades
  5771 | D:8      | Found a radiant altar of Vehumet.
  5774 | D:8      | Became a worshipper of Gozag Ym Sagoz the Greedy
  5777 | D:8      | Found a bloodstained altar of Trog.
  5779 | D:8      | Found a snail-covered altar of Cheibriados.
  6043 | D:8      | Found the +2 ratskin cloak {*Rats rPois rN+ Str-1 Int-1
                  | Dex+1}
  6259 | D:8      | Reached XP level 10. HP: 52/55 MP: 9/11
  6291 | D:8      | Annihilated by a large slime creature

Illustrated notes

Levels and vault maps discovered:
D:1:      wander_arrival_peaceful_grave, layout_basic,
          shapermc_ecumenical_altar_mp_ritualfount,
          ebering_dispersal_statue_hall
D:2:      layout_basic
D:3:      layout_basic, serial_shops, shop_fountains
D:4:      layout_cave_pools, zin_statuary, minmay_fractal_squares_5
D:5:      layout_cave_pods, dk_noncrumbling_4, uniq_eustachio
D:6:      layout_basic, minmay_temple_entry_trees
D:7:      layout_rooms, sigmund_army
D:8:      wander_guarded_unrand_ratskin, layout_loops_ring,
          chequers_temple_overflow_minitemple, minmay_gold_behind_fungi
D:9:      layout_irregular_city, minmay_librarian
Temple:   bh_familiar_temple

Skill      XL: |  1  2  3  4  5  6  7  8  9 |
---------------+----------------------------+-----
Fighting       | 2 3 4 5 7 |  7.6
Long Blades    | 3 4 5 6 8 10 | 10.9
Dodging        | 3 4 |  4.0
Throwing       | |  1.7

Action                     |  1- 3 |  4- 6 |  7- 9 | 10-12 || total
---------------------------+-------+-------+-------+-------++-------
  Melee: Long sword        |    96 |   183 |   270 |    22 ||   571
         Bite              |    31 |    50 |    90 |     9 ||   180
         Punch             |     2 |     3 |     7 |     1 ||    13
  Throw: Throwing net      |       |       |     3 |       ||     3
         Dart              |       |       |     4 |       ||     4
         Javelin           |       |       |     1 |       ||     1
    Use: Scroll            |       |     6 |    11 |       ||    17
   Stab: Sleeping          |     1 |     1 |     1 |       ||     3
         Held in net/web   |       |       |     2 |       ||     2
 Armour: Leather armour    |    29 |    69 |    99 |     2 ||   199
  Dodge: Dodged            |    74 |   152 |   187 |     5 ||   418

Table legend: (Time is in decaauts)
 A = Elapsed time spent in this place.
 B = Non-inter-level travel time spent in this place.
 C = Inter-level travel time spent in this place.
 D = Time resting spent in this place.
 E = Time spent auto-exploring this place.
 F = Levels seen in this place.
 G = Mean time per level.
                   A        B        C        D        E       F      G
               +--------+--------+--------+--------+--------+-----+--------+
         Total |   6372 |   6171 |    201 |    105 |   3998 |  10 |  637.2 |
       Dungeon |   6188 |   6006 |    182 |    105 |   3841 |   9 |  687.6 |
        Temple |    183 |    164 |     19 |      0 |    157 |   1 |  183.0 |
               +--------+--------+--------+--------+--------+-----+--------+

Top non-repeatable levels by time:
     D:1: 1028 daAuts
     D:6: 980 daAuts
     D:5: 880 daAuts
     D:8: 693 daAuts
     D:2: 685 daAuts
     D:7: 679 daAuts
     D:4: 629 daAuts
     D:3: 608 daAuts
  Temple: 183 daAuts
     D:9: 3 daAuts
